 Dungeon Crawl Stone Soup version 0.31-a0-344-gd109795599 (webtiles) character file.

Game seed: 14617668552795759767

185 derpindaisy the Trooper (level 5, -2/42 HPs)
             Began as a Demonspawn Berserker on July 21, 2023.
             Was a Believer of Trog.
             Slain by a quokka (5 damage)
             ... on level 3 of the Dungeon.
             The game lasted 00:03:53 (2292 turns).

derpindaisy the Trooper (Demonspawn Berserker)      Turns: 2292, Time: 00:03:53

Health: -2/42      AC:  2    Str: 25    XL:     5   Next: 37%
Magic:  5/5        EV: 12    Int:  9    God:    Trog [**....]
Gold:   142        SH:  0    Dex: 12    Spells: 4/4 levels left

rFire   . . .        a - +0 falchion
rCold   . . .        (no shield)
rNeg    . . .        b - +0 animal skin
rPois   .            (no helmet)
rElec   .            (no cloak)
rCorr   .            (no gloves)
SInv    .            (no boots)
Will    .....        (no amulet)
Stlth   +            e - +6 ring of strength
HPRegen 0.27/turn    (no ring)
MPRegen 0.09/turn

%: no passive effects
@: on berserk cooldown, slowed, very slow
A: foul stench 1, weakness stinger 1
a: Renounce Religion, Berserk, Trog's Hand


You were on level 3 of the Dungeon.
You worshipped Trog.
Trog was pleased with you.
You visited 1 branch of the dungeon, and saw 3 of its levels.

You collected 142 gold pieces.

Inventory:

Hand Weapons
 a - a +0 falchion (weapon)
Missiles
 d - a throwing net
Armour
 b - a +0 animal skin (worn)
 c - the +0 robe of the Salmon {rC+}
   (You found it on level 3 of the Dungeon)

   rC:        It protects you from cold.
Jewellery
 e - a +6 ring of strength (left hand)
Scrolls
 f - a scroll of enchant armour
Potions
 h - a potion of berserk rage


   Skills:
 + Level 4.1 Fighting
 + Level 4.1 Long Blades
 + Level 1.9 Armour
 + Level 2.9 Dodging
 + Level 0.6 Stealth


You had 4 spell levels left.
You didn't know any spells.
Your spell library was empty.

Dungeon Overview and Level Annotations

Branches:
Dungeon (3/15)

Altars:


Innate Abilities, Weirdness & Mutations

You may rarely emit foul miasma when damaged in melee.
You have a small tail.


Message History

Your Long Blades skill increases to level 4!
Deactivating autopickup; reactivate with Ctrl-A.
You slash something!
Your tail-slap misses something.
Something hits you.
You closely miss something. Something hits you.
You miss something.
Your tail-slap misses something.
Something hits you but does no damage.
You miss something. You miss something.
Your tail-slap misses something.
The orc throws a boomerang.
The boomerang hits you.
You hear some strange, mumbled words.
A magic dart appears from out of thin air!
The magic dart hits you.
You miss something.
You hear some strange, mumbled words.
A puff of flame appears from out of thin air!
The puff of flame hits you!
* * * LOW HITPOINT WARNING * * *
You closely miss something.
The orc throws a boomerang.
Reactivating autopickup.
You feel a bit more experienced.
You are too berserk!
The quokka barely misses you. The orc hits you with a +0 hand axe.
* * * LOW HITPOINT WARNING * * *
The orc priest closely misses you.
Items here: )) [[.
You feel a strong urge to attack something.
You are too berserk!
You are no longer berserk.
You are exhausted.
You feel yourself slow down.
You see here a +1 chain mail of cold resistance.
Okay, then.
Okay, then.
The quokka misses you. The quokka attacks as you move away!
The quokka bites you.
* * * LOW HITPOINT WARNING * * *
The quokka bites you.
* * * LOW HITPOINT WARNING * * *
The quokka bites you.
You die...

#.......(... #.#
#.<.†....... #.#
#...†.......
#.#.###....†#.....
#.#.........+.#...
#.#####.....###.##
#.# #........... #.#
####+####..# #@# #.#
#... #r# #.# #.†.
#o########.####...
###o.........##...◎.
#.............'.....
#.#############.....
#o########## #.....
#..o...§.§§# ####..
#.########§# #..


You could see an orc priest, an orc and a quokka.

Vanquished Creatures
  Natasha (D:3)
  An orc wizard (D:3)
  7 adders
  A worm (D:2)
  2 bats (D:1)
  4 endoplasms
  4 giant cockroaches
  4 goblins
  2 hobgoblins
  4 jackals (D:2)
  6 quokkas
  5 ball pythons
  3 frilled lizards
  A kobold (D:2)
  3 rats
48 creatures vanquished.

Vanquished Creatures (others)
  An orc wizard (D:3)
1 creature vanquished.

Grand Total: 49 creatures vanquished

Notes
Turn   | Place    | Note
-------+----------+-------------------------------------------
     0 | D:1      | derpindaisy the Demonspawn Berserker began the quest for
                  | the Orb.
     0 | D:1      | Reached XP level 1. HP: 18/18 MP: 1/1
   412 | D:1      | Gained mutation: You have a small tail. [demonic ancestry]
   412 | D:1      | Reached XP level 2. HP: 18/24 MP: 2/2
   964 | D:2      | Reached XP level 3. HP: 28/29 MP: 3/3
  1340 | D:2      | Reached ** piety under Trog
  1410 | D:2      | Reached XP level 4. HP: 25/37 MP: 4/4
  2240 | D:3      | Identified the +0 robe of the Salmon {rC+}
  2254 | D:3      | Noticed Natasha
  2274 | D:3      | Gained mutation: You may rarely emit foul miasma when
                  | damaged in melee. [demonic ancestry]
  2274 | D:3      | Reached XP level 5. HP: 35/42 MP: 5/5
  2278 | D:3      | Killed Natasha
  2291 | D:3      | HP: 2/42 [quokka (1)]
  2292 | D:3      | Slain by a quokka

Illustrated notes

Levels and vault maps discovered:
D:1:      amcnicky_arrival_gap_in_the_tavern_cellar, layout_basic,
          reono_crystal_passage, minmay_tetromino_t2
D:2:      layout_loops_ring
D:3:      cheibrodos_helix_gallery, layout_basic, serial_bayou_pond_b,
          minmay_misc_feat_doors, serial_bayou_crossing, uniq_terence,
          uniq_natasha

Skill      XL: |  1  2  3  4  5 |
---------------+----------------+-----
Long Blades    | 3 4 |  4.1
Dodging        | 2 |  2.9
Fighting       | 4 |  4.1
Armour         | |  1.9
Stealth        | |  0.6

Action                     |  1- 3 |  4- 6 || total
---------------------------+-------+-------++-------
  Melee: Falchion          |   129 |    62 ||   191
         Tailslap          |     9 |     5 ||    14
         Punch             |     2 |       ||     2
 Invoke: Berserk           |     4 |     2 ||     6
    Use: Scroll            |     3 |     3 ||     6
         Potion            |     1 |       ||     1
   Stab: Sleeping          |     3 |       ||     3
 Armour: Animal skin       |    20 |    11 ||    31
  Dodge: Dodged            |    90 |    44 ||   134

Table legend: (Time is in decaauts)
 A = Elapsed time spent in this place.
 B = Non-inter-level travel time spent in this place.
 C = Inter-level travel time spent in this place.
 D = Time resting spent in this place.
 E = Time spent auto-exploring this place.
 F = Levels seen in this place.
 G = Mean time per level.
                   A        B        C        D        E       F      G
               +--------+--------+--------+--------+--------+-----+--------+
         Total |   2360 |   2319 |     41 |    695 |   1213 |   3 |  786.7 |
       Dungeon |   2360 |   2319 |     41 |    695 |   1213 |   3 |  786.7 |
               +--------+--------+--------+--------+--------+-----+--------+

Top non-repeatable levels by time:
     D:2: 1142 daAuts
     D:1: 950 daAuts
     D:3: 267 daAuts
